Map: Gresvan LE

Players

NamroodTuo - Winner!

  • Race: Terran Terran
  • Spawn Location: 5:00

VOD

Have the link to the VOD?

Description

Time

  • Played on: April 16, 2023, 1:08 p.m.
  • Length: 17:24
Show
View Real Time Build Order
Export as new Build Order

NamroodTuo Terran - Winner!

Build Orders:  

Get SALT Encoding   

  12  0:00  SCV  
  13  0:17  SCV  
  14  0:31  Supply Depot  
  14  0:34  SCV  
  15  1:01  SCV  
  15  1:08  Supply Depot  
  16  1:18  SCV  
  17  1:23  Barracks  
  17  1:35  SCV  
  18  1:41  Engineering Bay  
  18  2:06  SCV  
  19  2:17  Command Center  
  19  2:26  SCV  
  20  2:30  Refinery  
  20  2:34  Refinery  
  20  2:41  Marine  
  21  2:58  SCV  
  22  3:15  SCV  
  23  3:28  Marine  
  24  3:32  SCV  
  24  3:38  Barracks  
  25  3:49  SCV  
  26  3:55  Terran Infantry Weapons Level 1  
  26  3:58  Barracks Tech Lab  
  26  4:06  SCV  
  27  4:11  SCV  
  28  4:23  SCV  
  28  4:27  SCV  
  28  4:29  Unknown  
  30  4:40  SCV  
  30  4:44  SCV  
  30  4:49  Refinery  
  32  4:57  Refinery  
  32  5:01  SCV  
  32  5:03  Barracks Reactor  
  32  5:08  Marine  
  34  5:18  SCV  
  35  5:21  Supply Depot  
  35  5:33  Marine  
  35  5:35  SCV  
  37  5:52  SCV  
  37  5:58  Marine  
  37  5:59  Supply Depot  
  39  6:05  Marine  
  39  6:09  Marine  
  41  6:19  SCV, Concussive Shells  
  42  6:23  Marine  
  43  6:31  Barracks  
  43  6:32  Supply Depot  
  43  6:35  Terran Infantry Armor Level 1  
  43  6:36  SCV  
  44  6:49  Marine x2, Factory  
  46  6:53  SCV  
  47  7:09  SCV  
  48  7:10  SCV  
  49  7:26  SCV  
  49  7:27  SCV  
  51  7:40  Barracks Reactor  
  51  7:43  SCV  
  51  7:44  SCV  
  53  7:54  Armory  
  53  8:00  SCV  
  53  8:01  SCV  
  55  8:11  Supply Depot  
  55  8:17  SCV  
  56  8:23  Marine x3  
  59  8:34  SCV  
  59  8:37  Starport  
  60  8:43  Supply Depot  
  60  8:48  Marine x2  
  62  8:51  SCV  
  62  8:59  Missile Turret  
  63  9:11  SCV  
  63  9:14  Supply Depot  
  64  9:29  Missile Turret  
  64  9:31  Missile Turret  
  64  9:32  Starport Tech Lab  
  64  9:41  Marine x2  
  64  9:42  Marine x2  
  64  9:43  Marine  
  64  9:46  Supply Depot  
  69  9:51  Supply Depot  
  69  10:00  Missile Turret  
  69  10:06  Marine x2  
  69  10:07  Marine  
  69  10:09  Missile Turret  
  72  10:13  Marine  
  72  10:14  Marine  
  72  10:17  Supply Depot  
  73  10:22  Supply Depot  
  73  10:26  Missile Turret  
  73  10:31  Marine x3  
  73  10:35  Structure Armor, Medivac  
  73  10:38  Marine x2  
  80  10:50  Supply Depot  
  80  10:53  Supply Depot  
  80  10:56  Marine x2  
  82  11:04  Command Center  
  82  11:09  Marine  
  83  11:10  Marine x2  
  83  11:17  Medivac  
  87  11:21  Marine x2  
  89  11:34  Marine  
  89  11:35  Marauder  
  92  11:40  Marine  
  92  11:46  Marine  
  94  11:55  Hi-Sec Auto Tracking  
  94  11:58  Medivac  
  96  12:00  Marine  
  96  12:05  Marauder  
  99  12:11  Missile Turret  
  99  12:36  Orbital Command  
  99  12:40  Medivac  
  99  12:41  Orbital Command  
  99  12:42  Missile Turret  
  99  12:48  SCV  
  102  12:55  Terran Infantry Weapons Level 2  
  102  13:05  SCV  
  103  13:12  Marine x5  
  108  13:22  SCV, Medivac  
  111  13:36  Marine  
  111  13:37  Marine x4  
  111  13:39  SCV  
  117  13:56  SCV  
  118  14:01  Marine  
  118  14:02  Marine x4  
  118  14:04  Medivac  
  125  14:26  Marine  
  125  14:27  Marine x4  
  130  14:46  Medivac  
  104  16:09  Marine  
  104  16:10  Marine x4  
  108  16:34  Marine  
  108  16:35  Marine x4  
Tags
 
Matchup
Co-op
Replay Pack
Multiplayer
Add a new tag
Caveats
  • Supply blocks, unpowered buildings, or Contaminate may cause inaccurate times.
  • Supply counts are checked every 10 seconds.